 Dungeon Crawl Stone Soup version 0.29-a0-330-g52719c12eb (webtiles) character file.

Game seed: 3214512836496842529

33 Crownlay the Digger (level 3, -3/21 HPs)
             Began as an Octopode Earth Elementalist on May 8, 2022.
             Slain by Terence
             ... wielding a +0 falchion
              (8 damage)
             ... on level 2 of the Dungeon.
             The game lasted 00:02:04 (1703 turns).

Crownlay the Digger (Octopode Earth Elementalist)   Turns: 1703, Time: 00:02:05

Health: -3/21      AC:  1    Str:  7    XL:     3   Next: 29%
Magic:  3/7        EV: 13    Int: 19    God:
Gold:   96         SH:  0    Dex: 12    Spells: 7/8 levels left

rFire   + . .      SeeInvis .   d - +0 dagger (holy)
rCold   . . .      Faith    .   (no shield)
rNeg    . . .      Spirit   .   (helmet restricted)
rPois   .          Reflect  .   (no amulet)
rElec   .          Harm     .   m - ring of protection from fire
rCorr   .          Rampage  .   (no ring)
Will    .....                   (no ring)
Stlth   +++.......              (no ring)
HPRegen 0.07/turn               (no ring)
MPRegen 0.10/turn               (no ring)
                                (no ring)
                                (no ring)

@: no status effects
A: almost no armour, amphibious, 8 rings, camouflage 1, gelatinous body 1,
(nimble swimmer 1), tentacles
a: no special abilities


You were on level 2 of the Dungeon.
You visited 1 branch of the dungeon, and saw 2 of its levels.

You collected 96 gold pieces.

Inventory:

Hand Weapons
 d - a +0 dagger of holy wrath (weapon)
Missiles
 a - 17 stones
Jewellery
 m - a ring of protection from fire (left tentacle)
Scrolls
 c - a scroll of teleportation
 h - a scroll of torment
 k - 2 scrolls of silence
Potions
 b - a potion of magic
 e - 2 potions of curing {unknown}
 f - 2 potions of degeneration {unknown}
 g - a potion of brilliance {unknown}
 i - a potion of lignification {unknown}
 j - a potion of attraction {unknown}
 l - 2 potions of might {unknown}


   Skills:
 - Level 2.0 Dodging
 - Level 2.6 Stealth
 * Level 3.0 Spellcasting
 - Level 1.0 Transmutations
 + Level 3.4 Earth Magic


You had 7 spell levels left.
You knew the following spells:

 Your Spells              Type           Power      Damage    Failure   Level
a - Sandblast             Erth           30%        2d9       3%          1

Your spell library contained the following spells:

 Spells                   Type           Power      Damage    Failure   Level
 Passwall                 Tmut/Erth      9%         N/A       10%         2
 Stone Arrow              Conj/Erth      18%        3d8       22%         3
 Petrify                  Tmut/Erth      11%        N/A       52%         4


Dungeon Overview and Level Annotations

Branches:
Dungeon (2/15)

Altars:

Shops:
D:1 (

Annotations:
D:2 Terence


Innate Abilities, Weirdness & Mutations

You cannot wear most types of armour.
You are amphibious.
You can wear up to eight rings at the same time.
Your skin changes colour to match your surroundings (Stealth+).
Your rubbery body absorbs attacks. (AC +1, EV +1)
((You are camouflaged when in or above water. (Stealth+)))
You have tentacles for arms and can constrict up to eight enemies at once.


Message History

You puncture the ball python!
You kill the ball python!
No target in view!
No target in view!
No target in view!
g - a sapphire potion
Found a lumpy blue potion.
You see here a scarf of invisibility.
e - 2 lumpy blue potions (gained 1)
There is a stone staircase leading up here.
You now have 96 gold pieces (gained 16).
Terence the Incautious comes into view.
He is wielding a +0 falchion.
Terence shouts!
The blast of sand hits Terence but does no damage.
Terence hits you with a +0 falchion.
The blast of sand hits Terence but does no damage.
Terence barely misses you.
The blast of sand hits Terence.
Terence is lightly wounded.
Terence hits you with a +0 falchion!
* * * LOW HITPOINT WARNING * * *
You are too injured to fight recklessly!
You are too injured to fight recklessly!
You are too injured to fight recklessly!
Casting: Sandblast (safe; 3% risk of failure)
Confirm with . or Enter, or press ? or * to list all spells.
Aiming: Sandblast (safe; 3% risk of failure)
Press: ? - help, Shift-Dir - straight line, f/p - Terence
Aim: Terence, wielding a +0 falchion and wearing a +0 chain mail (lightly wounded, 85% to hit)
The blast of sand hits Terence.
Terence is lightly wounded.
Terence closely misses you.
Casting: Sandblast (safe; 3% risk of failure)
Confirm with . or Enter, or press ? or * to list all spells.
Aiming: Sandblast (safe; 3% risk of failure)
Press: ? - help, Shift-Dir - straight line, f/p - Terence
Aim: Terence, wielding a +0 falchion and wearing a +0 chain mail (lightly wounded, 85% to hit)
Okay, then.
Terence attacks as you move away! Terence hits you with a +0 falchion!
You die...

#### ..#### ###
#@##.## ....##@#...##
#.........# #######
####.#...## #......
#.....# #.#####
####..######.#
#.........#
#.######.## # #.# #.#
#
#######.######.######


You could see Terence.

Vanquished Creatures
  3 ball pythons
  2 endoplasms (D:1)
  3 giant cockroaches (D:1)
  6 goblins (D:1)
  3 hobgoblins (D:1)
  2 kobolds (D:1)
  3 quokkas
  A bat (D:1)
  2 frilled lizards (D:1)
  3 rats (D:1)
28 creatures vanquished.

Notes
Turn   | Place    | Note
-------+----------+-------------------------------------------
     0 | D:1      | Crownlay the Octopode Earth Elementalist began the quest
                  | for the Orb.
     0 | D:1      | Reached XP level 1. HP: 11/11 MP: 3/3
   177 | D:1      | Reached XP level 2. HP: 12/17 MP: 5/5
   692 | D:1      | Found Wuffug's Antique Weapon Shop.
  1050 | D:1      | Reached XP level 3. HP: 21/21 MP: 7/7
  1697 | D:2      | Noticed Terence
  1703 | D:2      | Slain by Terence

Illustrated notes

Levels and vault maps discovered:
D:1:      erik_arrival_blinker_ship, layout_loops_ring, serial_shops, shop
D:2:      layout_loops_ring, uniq_terence

Skill      XL: |  1  2  3 |
---------------+----------+-----
Spellcasting   | 3 |  3.0
Dodging        | |  2.0
Stealth        | |  2.6
Transmutations | |  1.0
Earth Magic    | |  3.4

Action                   || total
-------------------------++-------
Melee: Dagger            ||    55
       Constrict         ||    11
       Unarmed           ||     2
       Tentacles         ||    11
 Cast: Sandblast         ||    13
  Use: Scroll            ||     3
 Stab: Sleeping          ||     9
Dodge: Dodged            ||    33

Table legend: (Time is in decaauts)
 A = Elapsed time spent in this place.
 B = Non-inter-level travel time spent in this place.
 C = Inter-level travel time spent in this place.
 D = Time resting spent in this place.
 E = Time spent auto-exploring this place.
 F = Levels seen in this place.
 G = Mean time per level.
                   A        B        C        D        E       F      G
               +--------+--------+--------+--------+--------+-----+--------+
         Total |   1701 |   1680 |     21 |      0 |   1444 |   2 |  850.5 |
       Dungeon |   1701 |   1680 |     21 |      0 |   1444 |   2 |  850.5 |
               +--------+--------+--------+--------+--------+-----+--------+

Top non-repeatable levels by time:
     D:1: 1564 daAuts
     D:2: 137 daAuts
